TOP OF THE 1ST |
Ohio State University Buckeyes batting - Pitching for University of Michigan Wolverines : LHP Omar Gutierrez
|
Pitching: LHP Omar Gutierrez
|
|
Batting: LHB Adam Simpson
|
0-0: Called Strike 0-1: Foul Ball, location: 2F 0-2: Ground out 5-3 (Groundball, 5, EV 91.2 MPH)
|
Batting: RHB Mike Tarantino
|
0-0: Foul Ball, location: 2F 0-1: Called Strike 0-2: Ball 1-2: Strikes out looking
|
Batting: LHB Tony Abascal
|
0-0: Ball 1-0: Ball 2-0: Swinging Strike 2-1: Foul Ball, location: 2F 2-2: Foul Ball, location: 2F 2-2: Foul Ball, location: 2F 2-2: Ball 3-2: Strikes out swinging
|
Top of the 1st over - 0 runs, 0 hits, 0 errors, 0 left on base; Ohio State University 0 - University of Michigan 0 |
BOTTOM OF THE 1ST |
University of Michigan Wolverines batting - Pitching for Ohio State University Buckeyes : RHP Roberto Morado
|
Pitching: RHP Eric Long
|
|
Batting: RHB Chris Williamson
|
0-0: Ball 1-0: Swinging Strike 1-1: Called Strike 1-2: Foul Ball, location: 2F 1-2: Ball 2-2: Strikes out swinging
|
Batting: RHB Danny Arroyo
|
0-0: Called Strike 0-1: Called Strike 0-2: Foul Ball, location: 2F 0-2: Ball 1-2: Strikes out looking
|
Batting: LHB Lance Sabo
|
0-0: Ball 1-0: Called Strike 1-1: Foul Ball, location: 2F 1-2: Strikes out swinging
|
Bottom of the 1st over - 0 runs, 0 hits, 0 errors, 0 left on base; Ohio State University 0 - University of Michigan 0 |
TOP OF THE 2ND |
Ohio State University Buckeyes batting - Pitching for University of Michigan Wolverines : LHP Omar Gutierrez
|
Batting: RHB Mike Goodrich
|
0-0: Foul Ball, location: 2F 0-1: Ball 1-1: Called Strike 1-2: Ball 2-2: Foul Ball, location: 2F 2-2: Ball 3-2: Strikes out swinging
|
Batting: LHB Anthony Ross
|
0-0: Called Strike 0-1: Called Strike 0-2: Ball 1-2: Ball 2-2: Strikes out swinging
|
Batting: RHB Bo Wu
|
0-0: Called Strike 0-1: Ball 1-1: Swinging Strike 1-2: Strikes out swinging
|
Top of the 2nd over - 0 runs, 0 hits, 0 errors, 0 left on base; Ohio State University 0 - University of Michigan 0 |
BOTTOM OF THE 2ND |
University of Michigan Wolverines batting - Pitching for Ohio State University Buckeyes : RHP Eric Long
|
Pitching: RHP Ben Fekete
|
|
Batting: RHB Aaron Marakovits
|
0-0: Swinging Strike 0-1: Ball 1-1: Called Strike 1-2: Ball 2-2: Foul Ball, location: 2F 2-2: Ball 3-2: Foul Ball, location: 2F 3-2: Foul Ball, location: 2F 3-2: Ground out 4-3 (Groundball, 34, EV 97.5 MPH)
|
Batting: RHB Mario Cruz
|
0-0: Foul Ball, location: 2F 0-1: Ball 1-1: Fly out, F5 (Line Drive, 5L, EV 66.9 MPH)
|
Batting: RHB Quirino Portel
|
0-0: Called Strike 0-1: Foul Ball, location: 2F 0-2: Strikes out swinging
|
Bottom of the 2nd over - 0 runs, 0 hits, 0 errors, 0 left on base; Ohio State University 0 - University of Michigan 0 |
TOP OF THE 3RD |
Ohio State University Buckeyes batting - Pitching for University of Michigan Wolverines : LHP Omar Gutierrez
|
Batting: RHB Marcelo Bardelli
|
0-0: Ball 1-0: Fly out, F8 (Flyball, 8LD, EV 89.4 MPH)
|
Batting: RHB Josh Dinsmore
|
0-0: Foul Ball, location: 2F 0-1: Ground out U3 (Groundball, 34, EV 78.8 MPH)
|
Batting: LHB Ben Callaway
|
0-0: Ball 1-0: Ball 2-0: Ball 3-0: Called Strike 3-1: Base on Balls
|
Batting: LHB Adam Simpson
|
0-0: Called Strike 0-1: Ball 1-1: Foul Ball, location: 2F 1-2: Ball 2-2: Foul Ball, location: 2F 2-2: Strikes out swinging
|
Top of the 3rd over - 0 runs, 0 hits, 0 errors, 1 left on base; Ohio State University 0 - University of Michigan 0 |
BOTTOM OF THE 3RD |
University of Michigan Wolverines batting - Pitching for Ohio State University Buckeyes : RHP Ben Fekete
|
Pitching: RHP Leonidas Panagopoulos
|
|
Batting: SHB Henrik Berg
|
0-0: Ball 1-0: Swinging Strike 1-1: Called Strike 1-2: Strikes out swinging
|
Batting: LHB Murdock Cranton
|
0-0: Foul Ball, location: 2F 0-1: Ball 1-1: Ball 2-1: Ball 3-1: Base on Balls
|
Batting: RHB Torsten Ernst
|
0-0: Swinging Strike 0-1: 2-RUN HOME RUN (Flyball, 7D, EV 113.8 MPH), Distance : 420 ft
|
Batting: RHB Chris Williamson
|
0-0: Called Strike 0-1: Foul Ball, location: 2F 0-2: Ground out 6-3 (Groundball, 6, EV 108.1 MPH)
|
Batting: RHB Danny Arroyo
|
0-0: Foul Ball, location: 2F 0-1: SINGLE (Line Drive, 89M, EV 91.9 MPH)
|
Batting: LHB Lance Sabo
|
0-0: Called Strike 0-1: Called Strike 0-2: Ball 1-2: Ball 2-2: Ball 3-2: Base on Balls Danny Arroyo to second
|
Pitching: LHP Jordan Garcia
|
|
Batting: RHB Aaron Marakovits
|
0-0: Ball 1-0: Called Strike 1-1: Foul Ball, location: 2F 1-2: Strikes out swinging
|
Bottom of the 3rd over - 2 runs, 2 hits, 0 errors, 2 left on base; Ohio State University 0 - University of Michigan 2 |
TOP OF THE 4TH |
Ohio State University Buckeyes batting - Pitching for University of Michigan Wolverines : LHP Omar Gutierrez
|
Batting: RHB Mike Tarantino
|
0-0: Swinging Strike 0-1: Ball 1-1: Ball 2-1: Swinging Strike 2-2: Strikes out swinging
|
Batting: LHB Tony Abascal
|
0-0: Swinging Strike 0-1: Fly out, F8 (Flyball, 8LXD, EV 93.8 MPH)
|
Batting: RHB Mike Goodrich
|
0-0: DOUBLE (Line Drive, 89D, EV 106.9 MPH)
|
Batting: LHB Anthony Ross
|
0-0: Ball 1-0: Foul Ball, location: 2F 1-1: Foul Ball, location: 2F 1-2: Ball 2-2: Ball 3-2: DOUBLE (Groundball, 3L, EV 100.6 MPH) Mike Goodrich scores
|
Batting: RHB Bo Wu
|
0-0: Called Strike 0-1: Ground out 4-3 (Groundball, 34, EV 83.8 MPH)
|
Top of the 4th over - 1 run, 2 hits, 0 errors, 1 left on base; Ohio State University 1 - University of Michigan 2 |
BOTTOM OF THE 4TH |
University of Michigan Wolverines batting - Pitching for Ohio State University Buckeyes : LHP Jordan Garcia
|
Batting: RHB Mario Cruz
|
0-0: Called Strike 0-1: Swinging Strike 0-2: Foul Ball, location: 2F 0-2: Ball 1-2: Fly out, F9 (Line Drive, 89M, EV 104.4 MPH)
|
Batting: RHB Quirino Portel
|
0-0: Swinging Strike 0-1: Ball 1-1: Called Strike 1-2: Foul Ball, location: 2F 1-2: Strikes out swinging
|
Batting: SHB Henrik Berg
|
0-0: Ball 1-0: Swinging Strike 1-1: Foul Ball, location: 2F 1-2: Strikes out looking
|
Bottom of the 4th over - 0 runs, 0 hits, 0 errors, 0 left on base; Ohio State University 1 - University of Michigan 2 |
TOP OF THE 5TH |
Ohio State University Buckeyes batting - Pitching for University of Michigan Wolverines : LHP Omar Gutierrez
|
Batting: RHB Marcelo Bardelli
|
0-0: Ball 1-0: Called Strike 1-1: Ball 2-1: Called Strike 2-2: Strikes out swinging
|
Batting: RHB Josh Dinsmore
|
0-0: Called Strike 0-1: Foul Ball, location: 2F 0-2: Ball 1-2: Foul Ball, location: 2F 1-2: Hit by Pitch
|
Batting: LHB Ben Callaway
|
0-0: Ball 1-0: Swinging Strike 1-1: Called Strike 1-2: Foul Ball, location: 2F 1-2: Ball 2-2: Strikes out swinging
|
Batting: LHB Adam Simpson
|
0-0: Called Strike 0-1: Ball 1-1: Ball 2-1: Fly out, F7 (Line Drive, 7, EV 100.6 MPH)
|
Top of the 5th over - 0 runs, 0 hits, 0 errors, 1 left on base; Ohio State University 1 - University of Michigan 2 |
BOTTOM OF THE 5TH |
University of Michigan Wolverines batting - Pitching for Ohio State University Buckeyes : LHP Jordan Garcia
|
Pitching: RHP Kieran Duncan
|
|
Now at C: Bill Daniel
|
|
Batting: LHB Murdock Cranton
|
0-0: Foul Ball, location: 2F 0-1: Ball 1-1: Called Strike 1-2: Ball 2-2: Foul Ball, location: 2F 2-2: Ball 3-2: Foul Ball, location: 2F 3-2: Base on Balls
|
Batting: RHB Torsten Ernst
|
0-0: Sac Bunt to 13 - play at second, runner OUT! 1-6
|
Batting: RHB Chris Williamson
|
0-0: Ball 1-0: Ball 2-0: Ball 3-0: Called Strike 3-1: Base on Balls Torsten Ernst to second
|
Batting: RHB Danny Arroyo
|
0-0: Bunted foul 0-1: Sac Bunt to 25 - play at first, batter OUT! 5-4 Torsten Ernst to third Chris Williamson to second
|
Batting: LHB Lance Sabo
|
0-0: Called Strike 0-1: Ball 1-1: Ground out 3-1 (Groundball, 13, EV 86.2 MPH)
|
Bottom of the 5th over - 0 runs, 0 hits, 0 errors, 2 left on base; Ohio State University 1 - University of Michigan 2 |
TOP OF THE 6TH |
Ohio State University Buckeyes batting - Pitching for University of Michigan Wolverines : LHP Omar Gutierrez
|
Pinch Hitting: RHB Jacob Carrano
|
0-0: Ball 1-0: Called Strike 1-1: Foul Ball, location: 2F 1-2: Ball 2-2: Foul Ball, location: 2F 2-2: Fly out, F8 (Flyball, 8RM, EV 88.1 MPH)
|
Pinch Hitting: LHB Zach Brandt
|
0-0: Foul Ball, location: 2F 0-1: Ball 1-1: Ball 2-1: Ball 3-1: Called Strike 3-2: Foul Ball, location: 2F 3-2: Strikes out swinging
|
Batting: RHB David Guillen
|
0-0: Ball 1-0: Called Strike 1-1: Ball 2-1: Ball 3-1: Foul Ball, location: 2F 3-2: Strikes out swinging
|
Top of the 6th over - 0 runs, 0 hits, 0 errors, 0 left on base; Ohio State University 1 - University of Michigan 2 |
BOTTOM OF THE 6TH |
University of Michigan Wolverines batting - Pitching for Ohio State University Buckeyes : RHP Kieran Duncan
|
Now at SS: Jacob Carrano
|
|
Now in CF: Zach Brandt
|
|
Batting: RHB Aaron Marakovits
|
0-0: Called Strike 0-1: Ball 1-1: Ball 2-1: Fly out, F8 (Flyball, 8LD, EV 100.0 MPH)
|
Batting: RHB Mario Cruz
|
0-0: SINGLE (Flyball, 8LS, EV 90.6 MPH)
|
Pitching: RHP Danny Arnold
|
|
Batting: RHB Quirino Portel
|
0-0: Ball 1-0: Ball 2-0: Ball 3-0: Foul Ball, location: 2F 3-1: Foul Ball, location: 2F 3-2: Base on Balls Mario Cruz to second
|
Batting: SHB Henrik Berg
|
0-0: Called Strike 0-1: Sac Bunt to 15S - play at first, batter OUT! 1-4 Mario Cruz to third Quirino Portel to second
|
Batting: LHB Murdock Cranton
|
0-0: Called Strike 0-1: Called Strike 0-2: Foul Ball, location: 2F 0-2: Foul Ball, location: 2F 0-2: Ball 1-2: Ball 2-2: Ball 3-2: Strikes out looking
|
Bottom of the 6th over - 0 runs, 1 hit, 0 errors, 2 left on base; Ohio State University 1 - University of Michigan 2 |
TOP OF THE 7TH |
Ohio State University Buckeyes batting - Pitching for University of Michigan Wolverines : LHP Omar Gutierrez
|
Batting: LHB Anthony Ross
|
0-0: Called Strike 0-1: Ball 1-1: Ball 2-1: Foul Ball, location: 2F 2-2: Strikes out swinging, 2-3 out at first.
|
Batting: RHB Bo Wu
|
0-0: Ball 1-0: Foul Ball, location: 2F 1-1: SOLO HOME RUN (Flyball, 8RXD, EV 115.0 MPH), Distance : 446 ft
|
Batting: RHB Marcelo Bardelli
|
0-0: Ball 1-0: Ball 2-0: Called Strike 2-1: Foul Ball, location: 2F 2-2: SINGLE (Flyball, 6D, EV 94.4 MPH)
|
Batting: RHB Bill Daniel
|
0-0: 2-RUN HOME RUN (Flyball, 9D, EV 104.4 MPH), Distance : 381 ft
|
Pinch Hitting: RHB Masatoshi Mori
|
0-0: Called Strike 0-1: Foul Ball, location: 2F 0-2: Ball 1-2: Ball 2-2: Ball 3-2: Fly out, F8 (Flyball, 8LD, EV 93.1 MPH)
|
Batting: LHB Adam Simpson
|
0-0: Ball 1-0: Swinging Strike 1-1: Called Strike 1-2: Strikes out looking
|
Top of the 7th over - 3 runs, 3 hits, 0 errors, 0 left on base; Ohio State University 4 - University of Michigan 2 |
BOTTOM OF THE 7TH |
University of Michigan Wolverines batting - Pitching for Ohio State University Buckeyes : RHP Danny Arnold
|
Pitching: RHP Rodolfo Lrio
|
|
Now at 1B: Chris Perry
|
|
Batting: RHB Torsten Ernst
|
0-0: Foul Ball, location: 2F 0-1: Ball 1-1: Swinging Strike 1-2: Ball 2-2: Strikes out swinging
|
Batting: RHB Chris Williamson
|
0-0: Ball 1-0: Called Strike 1-1: Called Strike 1-2: SINGLE (Groundball, 56D, EV 106.2 MPH)
|
Batting: RHB Danny Arroyo
|
0-0: Sac Bunt to P - play at first, batter OUT! 1-3 Chris Williamson to second
|
Batting: LHB Lance Sabo
|
0-0: Called Strike 0-1: Called Strike 0-2: Ball 1-2: Ball 2-2: Strikes out swinging
|
Bottom of the 7th over - 0 runs, 1 hit, 0 errors, 1 left on base; Ohio State University 4 - University of Michigan 2 |
TOP OF THE 8TH |
Ohio State University Buckeyes batting - Pitching for University of Michigan Wolverines : LHP Omar Gutierrez
|
Batting: RHB Jacob Carrano
|
0-0: Ball 1-0: Foul Ball, location: 2F 1-1: Ground out 6-3 (Groundball, 6, EV 77.5 MPH)
|
Batting: LHB Zach Brandt
|
0-0: Called Strike 0-1: Ball 1-1: Ball 2-1: Called Strike 2-2: Strikes out swinging, 2-3 out at first.
|
Batting: RHB David Guillen
|
0-0: Swinging Strike 0-1: Swinging Strike 0-2: Strikes out looking
|
Top of the 8th over - 0 runs, 0 hits, 0 errors, 0 left on base; Ohio State University 4 - University of Michigan 2 |
BOTTOM OF THE 8TH |
University of Michigan Wolverines batting - Pitching for Ohio State University Buckeyes : RHP Rodolfo Lrio
|
Pitching: LHP Adrien Leroy
|
|
Batting: RHB Aaron Marakovits
|
0-0: Ball 1-0: Foul Ball, location: 2F 1-1: Ball 2-1: Foul Ball, location: 2F 2-2: Strikes out swinging
|
Batting: RHB Mario Cruz
|
0-0: SINGLE (Line Drive, 56, EV 95.0 MPH)
|
Batting: RHB Quirino Portel
|
0-0: Ball 1-0: Fielders Choice at 2nd, 5-4 (Groundball, 56S, EV 87.5 MPH)
|
Batting: SHB Henrik Berg
|
0-0: Swinging Strike 0-1: Foul Ball, location: 2F 0-2: Strikes out swinging
|
Bottom of the 8th over - 0 runs, 1 hit, 0 errors, 1 left on base; Ohio State University 4 - University of Michigan 2 |
TOP OF THE 9TH |
Ohio State University Buckeyes batting - Pitching for University of Michigan Wolverines : LHP Omar Gutierrez
|
Batting: LHB Anthony Ross
|
0-0: Called Strike 0-1: Ball 1-1: Ball 2-1: Ball 3-1: Foul Ball, location: 2F 3-2: Foul Ball, location: 2F 3-2: Base on Balls
|
Batting: RHB Bo Wu
|
0-0: Foul Ball, location: 2F 0-1: Called Strike 0-2: Ball 1-2: Strikes out swinging
|
Batting: RHB Marcelo Bardelli
|
0-0: Foul Ball, location: 2F 0-1: Called Strike 0-2: Strikes out swinging
|
Batting: RHB Bill Daniel
|
0-0: Called Strike 0-1: Foul Ball, location: 2F 0-2: Strikes out swinging
|
Top of the 9th over - 0 runs, 0 hits, 0 errors, 1 left on base; Ohio State University 4 - University of Michigan 2 |
BOTTOM OF THE 9TH |
University of Michigan Wolverines batting - Pitching for Ohio State University Buckeyes : LHP Adrien Leroy
|
Pitching: RHP Harry Jerome
|
|
Batting: LHB Murdock Cranton
|
0-0: Swinging Strike 0-1: Fly out, F8 (Flyball, 8RM, EV 88.8 MPH)
|
Batting: RHB Torsten Ernst
|
0-0: Ball 1-0: DOUBLE (Groundball, 5L, EV 95.6 MPH)
|
Batting: RHB Chris Williamson
|
0-0: Ball 1-0: Ball 2-0: Swinging Strike 2-1: Foul Ball, location: 2F 2-2: DOUBLE (Groundball, 5L, EV 94.4 MPH) Torsten Ernst scores
|
Batting: RHB Danny Arroyo
|
0-0: Foul Ball, location: 2F 0-1: Fly out, F9 (Line Drive, 9S, EV 105.0 MPH)
|
Batting: LHB Lance Sabo
|
0-0: Called Strike 0-1: Ground out 6-3 (Groundball, 6MS, EV 88.8 MPH)
|
Bottom of the 9th over - 1 run, 2 hits, 0 errors, 1 left on base; Ohio State University 4 - University of Michigan 3 |
|